 Dungeon Crawl Stone Soup version 0.30-a0-3-gc9032a9cac (webtiles) character file.

Game seed: 14547313887142539808

142 BritishOli the Trooper (level 5, -6/42 HPs)
             Began as a Demonspawn Fighter on Aug 20, 2022.
             Mangled by a worm (8 damage)
             ... on level 4 of the Dungeon.
             The game lasted 00:01:56 (2793 turns).

BritishOli the Trooper (Demonspawn Fighter)         Turns: 2793, Time: 00:01:56

Health: -6/42      AC:  6    Str: 18    XL:     5   Next: 4%
Magic:  5/5        EV:  9    Int:  9    God:
Gold:   156        SH:  9    Dex: 13    Spells: 4/4 levels left

rFire   + . .      SeeInvis .    a - +0 long sword
rCold   . . .      Faith    .    c - +0 buckler
rNeg    . . .      Spirit   .    b - +0 scale mail
rPois   .          Reflect  .    (no helmet)
rElec   .          Harm     .    (no cloak)
rCorr   .          Rampage  .    (no gloves)
Will    .....                    (no boots)
Stlth   ..........               l - amulet of the acrobat
HPRegen 0.14/turn                g - ring of protection from fire
MPRegen 0.09/turn                (no ring)

@: no status effects
A: claws 1, condensation shield
a: no special abilities


You were on level 4 of the Dungeon.
You visited 1 branch of the dungeon, and saw 4 of its levels.

You collected 156 gold pieces.

Inventory:

Hand Weapons
 a - a +0 long sword (weapon)
Armour
 b - a +0 scale mail (worn)
 c - a +0 buckler (worn)
Jewellery
 g - a ring of protection from fire (left claw)
 l - an amulet of the acrobat (around neck)
 o - a ring of magical power
Scrolls
 f - a scroll of butterflies {unknown}
 h - a scroll of teleportation {unknown}
 k - 5 scrolls of identify {unknown}
 m - a scroll of fear {unknown}
 n - a scroll of enchant weapon {unknown}
 p - a scroll of amnesia {unknown}
 r - a scroll of blinking {unknown}
 s - a scroll of silence {unknown}
Potions
 d - 4 potions of might
 e - a potion of heal wounds {unknown}
 i - 2 potions of curing {unknown}
 j - 2 potions of brilliance {unknown}
 q - a potion of lignification {unknown}


   Skills:
 + Level 3.8 Fighting
 + Level 2.8 Long Blades
 + Level 3.4 Armour
 + Level 3.5 Shields


You had 4 spell levels left.
You didn't know any spells.
Your spell library contained the following spells:

 Spells                   Type           Power      Damage    Failure   Level
 Conjure Flame            Conj/Fire      0%         6-21      99%         3
 Ignite Poison            Fire/Tmut/Pois 0%         N/A       99%         3
 Sticky Flame             Conj/Fire      0%         2d3       100%        4


Dungeon Overview and Level Annotations

Branches:
Dungeon (4/15)
 Temple: D:4-7

Altars:

Annotations:
D:4 Edmund


Innate Abilities, Weirdness & Mutations

You have sharp fingernails.
A meltable shield of frost defends you. (SH +4)


Message History

You block the goblin's attack. The orc barely misses you.
You block the goblin's attack. You block the orc's attack.
You closely miss the goblin. The orc barely misses you.
You block the goblin's attack.
You slash Edmund!
Edmund is lightly wounded.
The goblin hits you but does no damage. The orc hits you but does no damage.
Edmund hits you with a +2 dire flail of protection.
You hit Edmund but do no damage.
Edmund is lightly wounded.
You block Edmund's attack. The goblin closely misses you.
You block the orc's attack.
You hit Edmund but do no damage.
Edmund is lightly wounded.
The goblin closely misses you. You block Edmund's attack.
The orc hits you with a +0 flail. x2; You block the goblin's attack.
Edmund closely misses you.
You hit Edmund but do no damage.
Edmund is lightly wounded.
Edmund hits you with a +2 dire flail of protection!
The orc closely misses you. You block the goblin's attack.
You are too injured to fight recklessly!
You are too injured to fight recklessly!
You are too injured to fight recklessly!
You are too injured to fight recklessly!
You are too injured to fight recklessly!
Edmund hits you with a +2 dire flail of protection!
* * * LOW HITPOINT WARNING * * *
Edmund attacks as you move away! You block Edmund's attack.
A worm comes into view.
Found a rapier.
The orc attacks as you move away! The orc completely misses you.
There is a stone staircase leading down here.
You block the worm's attack.
You slash the worm!
The worm is heavily wounded.
Edmund hits you with a +2 dire flail of protection.
* * * LOW HITPOINT WARNING * * *
You block the orc's attack. The worm bites you!
You die...

...............
.................. #
........(........ #.
................ ...
#............)# #...
#..#..........# .
##...#..#.........##..
........g...<...#.....
......w@o>........##..
....)...@..........!..
#.#...........#†......
#.....#....(........
.......##.....[......
.........#..#.........
#.#.##.#######....####
..#. ## ..### ##


You could see Edmund, a worm, an orc and a goblin.

Vanquished Creatures
  An orc wizard (D:3)
  5 adders
  2 worms (D:2)
  A dart slug (D:2)
  2 orcs (D:3)
  8 endoplasms
  A giant cockroach (D:2)
  10 goblins
  3 hobgoblins
  6 quokkas
  5 ball pythons
  4 bats
  7 frilled lizards
  4 kobolds
  3 rats
62 creatures vanquished.

Notes
Turn   | Place    | Note
-------+----------+-------------------------------------------
     0 | D:1      | BritishOli the Demonspawn Fighter began the quest for the
                  | Orb.
     0 | D:1      | Reached XP level 1. HP: 18/18 MP: 1/1
   193 | D:1      | Gained mutation: A meltable shield of frost defends you.
                  | (SH +4) [demonic ancestry]
   193 | D:1      | Reached XP level 2. HP: 21/24 MP: 2/2
   588 | D:1      | Found a faded altar of an unknown god.
   693 | D:1      | Reached XP level 3. HP: 27/29 MP: 3/3
  1319 | D:2      | Reached XP level 4. HP: 33/35 MP: 4/4
  2511 | D:3      | Gained mutation: You have sharp fingernails. [demonic
                  | ancestry]
  2511 | D:3      | Reached XP level 5. HP: 13/42 MP: 5/5
  2778 | D:4      | Noticed Edmund
  2793 | D:4      | HP: 2/42 [Edmund/+2 dire flail of protection (6)]
  2793 | D:4      | Mangled by a worm

Illustrated notes

Levels and vault maps discovered:
D:1:      minmay_arrival_widening_spiral_wide, layout_rooms,
          chequers_ecumenical_altar_island, hangedman_decor_push
D:2:      layout_basic, nicolae_underground_beach
D:3:      layout_rooms, minivault_14
D:4:      kennysheep_slugbush, layout_cave_pools, gup_sewer_entry_spiral,
          roderic_batcave, minmay_manual_mandibuliform, uniq_edmund

Skill      XL: |  1  2 |
---------------+-------+-----
Long Blades    | 2 |  2.8
Shields        | 3 |  3.5
Armour         | 3 |  3.4
Fighting       | |  3.8

Action                   |  1- 3 |  4- 6 || total
-------------------------+-------+-------++-------
Melee: Long sword        |   132 |   100 ||   232
Armor: Scale mail        |    54 |    53 ||   107
Dodge: Dodged            |    58 |    45 ||   103
Block: Buckler           |    60 |    63 ||   123

Table legend: (Time is in decaauts)
 A = Elapsed time spent in this place.
 B = Non-inter-level travel time spent in this place.
 C = Inter-level travel time spent in this place.
 D = Time resting spent in this place.
 E = Time spent auto-exploring this place.
 F = Levels seen in this place.
 G = Mean time per level.
                   A        B        C        D        E       F      G
               +--------+--------+--------+--------+--------+-----+--------+
         Total |   2868 |   2793 |     75 |    830 |   1462 |   4 |  717.0 |
       Dungeon |   2868 |   2793 |     75 |    830 |   1462 |   4 |  717.0 |
               +--------+--------+--------+--------+--------+-----+--------+

Top non-repeatable levels by time:
     D:2: 1111 daAuts
     D:3: 892 daAuts
     D:1: 840 daAuts
     D:4: 25 daAuts
